Unix NetHack Version 5.0.0-0 post-release - last build Jul 19 2026 19:10:59 (3aa4ab31751d3886436d94b585a96704892fd477,branch:main).

Game began 2026-07-20 21:52:18, ended 2026-07-20 22:19:37.

KnightLite, lawful female dwarven Archeologist

                                                                           ---
                                                           )          -- --..|
                                                          -.         -.--....
                                                          |.|  --- --......-
                                                        - |.----.--........|
                                                        |.|.......<........|
                                                        |o#................|
                                                        | |..f..........----
                                                          |............--
                                                          |..........---
                                                          |.........--
                                                          |.--...----
                                                          |.||...----
                                                          |0 |....|.--
                                                             ----....-----
                                                                |..........-
                                                                |.|.......--
                                                                ----....---
                                                                     ..--
                                                                     ---

KnightLite the Field Worker  St:18 Dx:10 Co:15 In:14 Wi:13 Ch:9  Lawful
Dlvl:7  $:192 HP:30(30) Pw:3(3) AC:3  Xp:3 T:3545 

Latest messages:
 The straw golem misses the large cat.
 The large cat bites the straw golem.
 The straw golem hits the large cat.
 The straw golem misses the large cat.
 The large cat bites the straw golem.
 The straw golem is destroyed!
 The large cat misses the gnome.
 The large cat bites the gnome.
 The gnome wields 4 daggers!
 The large cat bites the gnome.
 The gnome is killed!
 The large cat bites the gnome.
 The gnome is killed!
 You see here 4 daggers.
 The large cat picks up a dagger.
 You see here a green gem.
 H - a green gem.
 #rtu: unknown extended command.
 What do you want to rub?
 What do you want to rub on the stone?
 H - a worthless piece of green glass.
 What do you want to drop?
 You drop a worthless piece of green glass.
 The large cat drops a dagger.
 The large cat picks up a worthless piece of green glass.
 The large cat drops a worthless piece of green glass.
 Pick a monster, object or location.
 The large cat misses the gnome.
 The large cat bites the gnome.
 The gnome is killed!
 You see here a tinning kit.
 You start digging.
 You hit the rock with all your might.
 You make an opening in the wall.
 You see here a worthless piece of green glass.
 You descend the stairs.
 The large cat bites the gnome lady.
 The gnome lady hits the large cat.
 The large cat bites the gnome lady.
 The gnome lady hits the large cat.
 The large cat misses the gnome lady.
 The large cat bites the gnome lady.
 The large cat bites the gnome lady.
 The gnome lady is killed!
 You hear water falling on coins.
 Your large cat eats a gnome lady corpse.
 You swap places with your large cat.
 Really quit without saving? [yn] (n) y
 Do you want your possessions identified? [ynq] (y) n
 Do you want to see your attributes? [ynq] (y) q

Inventory:
 Coins    ('$')
  $ - 192 gold pieces
 Weapons  (')')
  a - a +2 bullwhip (alternate weapon; not wielded)
 Armor    ('[')
  c - a blessed +0 fedora (being worn)
  w - an uncursed +0 pair of iron shoes (being worn)
  x - a cursed +0 dwarvish cloak
  n - a blessed +2 robe (being worn)
  b - a blessed +0 leather jacket (being worn)
 Comestibles  ('%')
  d - 5 uncursed food rations
 Scrolls  ('?')
  j - an uncursed scroll of light
  l - 2 uncursed scrolls of scare monster
 Spellbooks  ('+')
  A - an uncursed spellbook of cure blindness
 Potions  ('!')
  v - an uncursed potion of fruit juice
  p - an uncursed potion of full healing
  k - an uncursed potion of healing
  t - an uncursed potion of sleeping
 Rings    ('=')
  F - a cursed -2 ring of increase accuracy named cursed
 Wands    ('/')
  u - a wand of undead turning (0:2)
 Tools    ('(')
  h - an empty uncursed sack
  i - an uncursed blindfold
  e - a +0 pick-axe (weapon in right hand)
  D - an uncursed skeleton key
  f - a tinning kit (0:36)
 Gems/Stones  ('*')
  C - an uncursed fluorite stone
  B - an uncursed worthless piece of yellow glass
  g - an uncursed touchstone
 Special
 (list likely candidates)

KnightLite the Archeologist's attributes:

Background:
 You were a Field Worker, a level 3 female dwarven Archeologist.
 You were lawful, nominally on a mission for Quetzalcoatl
 who was opposed by Camaxtli (neutral) and Huhetotl (chaotic).
 You were right-handed.
 You were in the Gnomish Mines, on level 7.
 You entered the dungeon 3545 turns ago.
 It was nighttime.
 You had 68 experience points, 12 more were needed to attain level 4.

Basics:
 You had all 30 hit points.
 You had all 3 energy points (spell power).
 Your armor class was 3.
 Your wallet contained 192 zorkmids.
 Autopickup was on for '0' plus thrown, with exceptions.

Final Characteristics:
 Your strength was 18 (limit:18/100).
 Your dexterity was 10 (limit:20).
 Your constitution was 15 (limit:20).
 Your intelligence was 14 (limit:16).
 Your wisdom was 13 (limit:16).
 Your charisma was 9 (limit:16).

Final Status:
 You weren't hungry.
 You were unencumbered.
 You were wielding a pick-axe.
 You had basic skill with pick-axe.

Final Attributes:
 You were piously aligned.
 You had automatic searching.
 You had infravision.
 You were invisible.
 You were guarded.
 Your spell casting was enhanced by wearing a robe.
 You were lucky.
 You survived.

Miscellaneous:
 You encountered 1 bones level.
 Total elapsed playing time was 27 minutes and 18 seconds.

Major events:
 Turn
    1: KnightLite the lawful female dwarven Archeologist entered the dungeon
 2431: entered the Gnomish Mines
 2996: attained the rank of Field Worker (level 3)
 3503: reached Mine Town
 3545: quit

Spells:
 Name                 Level Category     Fail Retention
 cure blindness         2   healing       73%  76%-100%

Skills:
 Fighting Skills
   bare handed combat [Unskilled]
   two weapon combat  [Unskilled]
   riding             [Unskilled]
 Weapon Skills
   dagger             [Unskilled]
   knife              [Unskilled]
   pick-axe           [Basic]
   short sword        [Unskilled]
   saber              [Unskilled]
   club               [Unskilled]
   quarterstaff       [Unskilled]
   sling              [Unskilled]
   dart               [Unskilled]
   boomerang          [Unskilled]
   whip               [Basic]
   unicorn horn       [Unskilled]
 Spellcasting Skills
   attack spells      [Unskilled]
   healing spells     [Unskilled]
   divination spells  [Unskilled]
   matter spells      [Unskilled]

Voluntary challenges:
 Character rerolling was not enabled.
 You were an atheist.
 You never genocided any monsters.
 You never polymorphed an object.
 You never changed form.
 You used no wishes.
Achievements:
 You entered a shop.
 You entered the Gnomish Mines.
 You attained the rank of Field Worker.
 You entered Minetown.

 The Dungeons of Doom: levels 1 to 5
    Level 1:
    Level 2:
       A vegetarian food shop, a fountain, a grave.
    Level 3:
       A fountain.
    Level 4:
       Stairs down to The Gnomish Mines.
    Level 5:
 The Gnomish Mines: levels 5 to 7
    Level 5:
    Level 6:
    Level 7: <- You were here.
       Final resting place for
          CheBegorr4h-Tou-Hum-Mal-Neu, killed by an invisible hill orc called Ogzaoth of Ogulu.


Vanquished creatures:
  a fog cloud
  4 gnome leaders
  a gnomish wizard
  a straw golem
  2 dwarves
  2 wererats
  2 acid blobs
  2 manes
  a giant rat
  a cave spider
  a yellow mold
  a green mold
 19 gnomes
  a gnome zombie
  5 geckos
  4 jackals
  a fox
  2 kobolds
  2 goblins
  2 sewer rats
  7 grid bugs
  2 bats
  2 lichens
  a kobold zombie
  6 newts
73 creatures vanquished.

No species were genocided or became extinct.

Goodbye KnightLite the Archeologist...

You quit in The Gnomish Mines on dungeon level 7 with 764 points,
and 192 pieces of gold, after 3545 moves.
You were level 3 with a maximum of 30 hit points when you quit.

